 Dungeon Crawl Stone Soup version 0.30.0-29-ga12c61a403 (webtiles) character file.

Game seed: 2810463597382088814

178 BONEBRO the Poker (level 5, -3/39 HPs)
             Began as a Merfolk Summoner on June 25, 2023.
             Killed by divine providence
             ... invoked by an orc priest
              (10 damage)
             ... on level 3 of the Dungeon.
             The game lasted 00:08:21 (3476 turns).

BONEBRO the Poker (Merfolk Summoner)                Turns: 3476, Time: 00:08:21

Health: -3/39      AC:  4    Str: 11    XL:     5   Next: 58%
Magic:  5/8        EV: 12    Int: 14    God:
Gold:   158        SH:  0    Dex: 14    Spells: 7/8 levels left

rFire   . . .        g - +1 spear
rCold   . . .        (no shield)
rNeg    . . .        p - +0 leather armour
rPois   .            (no helmet)
rElec   .            (no cloak)
rCorr   .            (no gloves)
SInv    .            v - +0 pair of boots
Will    .....        (no amulet)
Stlth   ++           (no ring)
HPRegen 0.26/turn    (no ring)
MPRegen 0.11/turn

%: no passive effects
@: no status effects
A: (nimble swimmer 2), mertail
a: no special abilities


You were on level 3 of the Dungeon.
You visited 1 branch of the dungeon, and saw 4 of its levels.

You collected 158 gold pieces.

Inventory:

Hand Weapons
 f - a +0 short sword
 g - a +1 spear (weapon)
 x - a +0 trident
Missiles
 t - 2 boomerangs
Armour
 a - a +0 robe
 p - a +0 leather armour (worn)
 v - a +0 pair of boots (worn)
Wands
 u - a wand of flame (15)
Scrolls
 d - 3 scrolls of enchant weapon
 e - a scroll of blinking {unknown}
 h - a scroll of butterflies {unknown}
 j - a scroll of brand weapon {unknown}
 k - a scroll of enchant armour {unknown}
 m - a scroll of noise {unknown}
 n - a scroll of identify
 o - a scroll of teleportation {unknown}
 q - a scroll of vulnerability {unknown}
 r - a scroll of magic mapping {unknown}
 w - a scroll of fear {unknown}
Potions
 b - a potion of magic
 c - a potion of curing {unknown}
 i - 2 potions of berserk rage {unknown}
 l - 3 potions of heal wounds
 s - a potion of attraction {unknown}
 z - a potion of brilliance {unknown}


   Skills:
 + Level 2.5 Fighting
 - Level 5.0 Polearms
 - Level 2.6 Dodging
 - Level 2.1 Stealth
 - Level 2.0 Spellcasting
 - Level 4.6 Summonings


You had 7 spell levels left.
You knew the following spells:

 Your Spells              Type           Power      Damage    Failure   Level
a - Summon Small Mammal   Summ           56%        N/A       4%          1

Your spell library contained the following spells:

 Spells                   Type           Power      Damage    Failure   Level
 Call Imp                 Summ           28%        N/A       7%          2
 Call Canine Familiar     Summ           14%        N/A       14%         3
 Necrotise                Necr           4%         1d4       30%         1
 Summon Guardian Golem    Hex/Summ       7%         N/A       36%         3
 Static Discharge         Conj/Air       2%         2-3/arc   43%         2
 Summon Lightning Spire   Summ/Air       7%         N/A       77%         4
 Airstrike                Air            0%         2d(1-17)  97%         4


Dungeon Overview and Level Annotations

Branches:
Dungeon (4/15)
 Temple: D:4-7

Altars:
Kikubaaqudgha
Sif Muna
Trog
Vehumet
Yredelemnul

Shops:
D:3 *

Annotations:
D:3 3 runed translucent doors, psilontech's ghost, amateur MiBe


Innate Abilities, Weirdness & Mutations

((You are very nimble when in or above water. (Stealth+, EV+, Speed+++)))
Your lower body shifts to a powerful aquatic tail in water.


Message History

Your bat's corpse disappears in a puff of smoke!
The orc priest misses your bat. The orc priest misses you.
The orc priest shouts!
Your bat hits the orc priest but does no damage.
Your bat barely misses the orc priest.
The orc priest hits you with a +0 war axe of freezing!
The orc priest freezes you. The orc priest barely misses your bat.
The orc priest hits your rat with a +0 war axe of freezing.
The orc priest freezes your rat.
Your rat dies!
Your rat's corpse disappears in a puff of smoke!
You closely miss the orc priest.
The orc priest is lightly wounded.
Your bat hits the orc priest but does no damage.
The orc priest closely misses you.
The orc priest hits your bat with a +0 war axe of freezing.
The orc priest freezes your bat.
Your bat dies!
Your bat's corpse disappears in a puff of smoke!
The orc priest calls down the wrath of Beogh upon you.
Pain shoots through your body!
* * * LOW HITPOINT WARNING * * *
You are too injured to fight recklessly!
You are too injured to fight recklessly!
Casting: Summon Small Mammal (safe; 4% risk of failure)
Confirm with . or Enter, or press ? or * to list all spells.
The orc priest attacks as you move away!
The orc priest closely misses you.
The orc priest hits your bat with a +0 war axe of freezing.
The orc priest freezes your bat.
Your bat dies!
Your bat's corpse disappears in a puff of smoke!
The orc priest mumbles some strange prayers to Beogh against you.
Pain shoots through your body!
* * * LOW HITPOINT WARNING * * *
There is an open door here.
You close the door.
An orc priest breaks down the door.
The orc priest calls down the wrath of Beogh upon you.
Beogh smites you!
You die...

#.# #.# #.##..##.###...### # #.#
#.# #.##..#...#....... # #.# #.#
#..........#...##. # #.#
#.###.##.##...###.###. # #.#
#........###.## ### #. ###.#
#####.#### #.# #. ....# #.# #.#
#. ##### #.# ##'## #. # #@#
##...## #. ### ####.# ##.....##
#. ..# ##.##.###...>...## #.
..##########...#o##...(.)...####.
..................'.........'....
.########.##...#.##.........###..
## #.##..##.###.......## #†# #
#.#..###.# ##.....## #.# # #.#.##
#.# ##.._## #.#


You could see an orc priest.

Vanquished Creatures
  2 hounds (D:3)
  Terence (D:3)
  A gnoll (D:3)
  A dart slug (D:1)
  2 orcs (D:3)
  3 ball pythons
  5 bats
  4 endoplasms
  4 giant cockroaches
  5 goblins
  3 hobgoblins
  A quokka (D:2)
  3 frilled lizards
  5 kobolds
  2 rats (D:1)
42 creatures vanquished.

Vanquished Creatures (collateral kills)
  2 adders (D:2)
  A ball python (D:1)
  2 endoplasms (D:1)
  2 giant cockroaches (D:1)
  A goblin (D:1)
  A hobgoblin (D:1)
  A frilled lizard (D:2)
  3 kobolds
  3 rats
16 creatures vanquished.

Grand Total: 58 creatures vanquished

Notes
Turn   | Place    | Note
-------+----------+-------------------------------------------
     0 | D:1      | BONEBRO the Merfolk Summoner began the quest for the Orb.
     0 | D:1      | Reached XP level 1. HP: 13/13 MP: 3/3
   200 | D:1      | Reached XP level 2. HP: 13/19 MP: 1/5
   584 | D:1      | Reached skill level 1 in Polearms
   694 | D:1      | Reached XP level 3. HP: 24/24 MP: 4/6
   696 | D:1      | Reached skill level 2 in Polearms
  1091 | D:2      | Reached skill level 3 in Polearms
  1294 | D:2      | Reached XP level 4. HP: 30/30 MP: 4/7
  1734 | D:2      | Found an ancient bone altar of Kikubaaqudgha.
  2060 | D:3      | Found Vueferch's Assorted Antiques.
  2156 | D:3      | Found a faded altar of an unknown god.
  2346 | D:3      | Reached skill level 4 in Polearms
  2358 | D:3      | Found a basalt altar of Yredelemnul.
  2520 | D:3      | Found an ancient bone altar of Kikubaaqudgha.
  2616 | D:3      | Reached skill level 5 in Polearms
  2616 | D:3      | Reached skill level 1 in Fighting
  2616 | D:3      | Reached XP level 5. HP: 25/37 MP: 1/8
  2698 | D:3      | Noticed Terence
  2729 | D:3      | Killed Terence
  2859 | D:3      | Found a shimmering blue altar of Sif Muna.
  2860 | D:3      | Found a radiant altar of Vehumet.
  2863 | D:3      | Got Kikubaaqudgha's Vademecum on Evil
  2899 | D:3      | Found a bloodstained altar of Trog.
  3050 | D:3      | Found a runed translucent gate.
  3050 | D:3      | Found a runed translucent gate.
  3050 | D:3      | Found a runed translucent gate.
  3053 | D:3      | Identified the +0 whip of Sunlight {freeze, Contam rPois
                  | rN++ Stlth+}
  3053 | D:3      | Identified the +0 scale mail of Trial and Error {Will+
                  | Dex+3}
  3054 | D:3      | Noticed psilontech's ghost (amateur MiBe)
  3476 | D:3      | Killed from afar by an orc priest

Illustrated notes

Levels and vault maps discovered:
D:1:      pf_arrival_petrified_forest, layout_loops_ring, minmay_split_cup_small
D:2:      layout_loops_ring, basic_altar, minmay_misc_feat_pillars,
          serial_bayou_ford_a
D:3:      layout_loops_corners, grunt_temple_overflow_magic_moments,
          marbit_many_paths, nicolae_overflow_crystal_walls,
          biasface_ghost_orc_armoury, serial_shops,
          nicolae_shop_competitors_out_of_business, basic_ecumenical_altar,
          cheibrodos_gnoll_hut, uniq_terence
D:4:      layout_loops_ring, nicolae_hepliaklqana_hippocampus,
          minmay_temple_entry_slanted, serial_shops, nicolae_shop_stone,
          minmay_misc_feat_enclosed

Skill      XL: |  1  2  3  4  5 |
---------------+----------------+-----
Polearms       | 1 3 5 |  5.0
Fighting       | 1 2 |  2.5
Dodging        | |  2.6
Stealth        | |  2.1
Spellcasting   | |  2.0
Summonings     | |  4.6

Action                     |  1- 3 |  4- 6 || total
---------------------------+-------+-------++-------
  Melee: Unarmed           |    35 |       ||    35
         Punch             |     3 |       ||     3
         Spear             |    82 |   101 ||   183
         Short sword       |     8 |       ||     8
   Cast: Summon Small Mamm |    31 |    28 ||    59
    Use: Scroll            |       |     2 ||     2
   Stab: Sleeping          |     5 |     7 ||    12
 Armour: Robe              |    52 |     3 ||    55
         Leather armour    |       |     6 ||     6
  Dodge: Dodged            |    88 |    56 ||   144
